 Dungeon Crawl Stone Soup version 0.30-a0-879-ga8ba668304 (webtiles) character file.

Game seed: 11284723392585944689

1043 Sanktem7 the Chopper (level 8, 0/77 HPs)
             Began as a Minotaur Fighter on Mar 14, 2023.
             Slain by fozzywoppz's ghost (10 damage)
             ... on level 5 of the Dungeon.
             The game lasted 00:07:30 (4462 turns).

Sanktem7 the Chopper (Minotaur Fighter)             Turns: 4462, Time: 00:07:30

Health: 0/77       AC: 11    Str: 22    XL:     8   Next: 4%
Magic:  7/7        EV:  7    Int:  5    God:
Gold:   279        SH:  5    Dex: 11    Spells: 7/7 levels left

rFire   + . .      SeeInvis .    a - +1 war axe (venom)
rCold   . . .      Faith    .    c - +0 buckler
rNeg    . . .      Spirit   .    t - +0 chain mail
rPois   +          Reflect  .    (helmet restricted)
rElec   .          Rampage  .    (no cloak)
rCorr   .          Clarity  +    w - +0 pair of gloves
Will    +....                    (no boots) Stlth
                                 (no amulet)
HPRegen 0.32/turn                m - ring of poison resistance
MPRegen 0.10/turn                h - ring of flight

@: flying
A: horns 2, retaliatory headbutt, clarity, fire resistance 1, strong-willed 1,
robust 1
a: no special abilities


You were on level 5 of the Dungeon.
You visited 1 branch of the dungeon, and saw 5 of its levels.

You collected 279 gold pieces.

Inventory:

Hand Weapons
 a - a +1 war axe of venom (weapon)
 k - a +2 mace of protection
Armour
 c - a +0 buckler (worn)
 t - a +0 chain mail (worn)
 w - a +0 pair of gloves (worn)
Jewellery
 h - a ring of flight (right hand)
 m - a ring of poison resistance (left hand)
 y - a ring of resist corrosion
Wands
 s - a wand of flame (22)
Scrolls
 b - a scroll of enchant armour {unknown}
 g - a scroll of summoning {unknown}
 j - 2 scrolls of teleportation
 u - a scroll of amnesia {unknown}
 v - a scroll of blinking {unknown}
 z - a scroll of poison {unknown}
 A - a scroll of identify
Potions
 d - 3 potions of might
 e - 3 potions of lignification
 f - a potion of haste {unknown}
 i - 2 potions of heal wounds
 l - 2 potions of invisibility
 n - 2 potions of mutation
 o - 3 potions of flight {unknown}
 p - a potion of curing {unknown}
 q - a potion of berserk rage {unknown}
 r - a potion of ambrosia {unknown}
 x - a potion of brilliance {unknown}
 B - a potion of attraction {unknown}


   Skills:
 + Level 6.2 Fighting
 * Level 7.4 Axes
 + Level 6.1 Armour
 + Level 6.2 Shields


You had 7 spell levels left.
You didn't know any spells.
Your spell library contained the following spells:

 Spells                   Type           Power      Damage    Failure   Level
 Summon Small Mammal      Summ           0%         N/A       99%         1
 Static Discharge         Conj/Air       0%         2-2/arc   100%        2
 Call Canine Familiar     Summ           0%         N/A       100%        3
 Summon Guardian Golem    Hex/Summ       0%         N/A       100%        3
 Vhi's Electric Charge    Tloc/Air       0%         N/A       100%        3
 Arcjolt                  Conj/Air       0%         1d10      100%        5
 Iskenderun's Battlesphe  Conj           0%         2d6       100%        5
 Lightning Bolt           Conj/Air       0%         1d11      100%        5
 Iron Shot                Conj/Erth      0%         9d1       100%        6
 Spellforged Servitor     Conj/Summ      0%         N/A       100%        7


Dungeon Overview and Level Annotations

Branches:
Dungeon (5/15)
 Temple: D:4-7

Altars:
Ashenzari
Gozag
Sif Muna
Uskayaw
Vehumet

Shops:
D:2 :   D:3 (

Annotations:
D:5 fozzywoppz's ghost, novice GrMo


Innate Abilities, Weirdness & Mutations

You have a pair of horns on your head.
You reflexively headbutt those who attack you in melee.
You possess an exceptional clarity of mind.
Your flesh is heat resistant. (rF+)
You are strong-willed. (Will+)
You are robust. (+10% HP)


Message History

You barely miss fozzywoppz's ghost.
Fozzywoppz's ghost is lightly damaged.
Fozzywoppz's ghost hits you but does no damage.
You barely miss fozzywoppz's ghost.
Your headbutt misses fozzywoppz's ghost.
Fozzywoppz's ghost is lightly damaged.
Fozzywoppz's ghost shrieks, "To die, to sleep, no more."
Fozzywoppz's ghost hits you but does no damage.
You barely miss fozzywoppz's ghost.
Fozzywoppz's ghost is lightly damaged.
You block fozzywoppz's ghost's attack.
Fozzywoppz's ghost hits you but does no damage.
You hit fozzywoppz's ghost.
Fozzywoppz's ghost is moderately damaged.
Fozzywoppz's ghost keens inconsolably.
Fozzywoppz's ghost hits you!
* * * LOW HITPOINT WARNING * * *
You slash fozzywoppz's ghost!
Fozzywoppz's ghost is heavily damaged.
Fozzywoppz's ghost hits you but does no damage.
You closely miss fozzywoppz's ghost.
Your headbutt misses fozzywoppz's ghost.
Fozzywoppz's ghost is heavily damaged.
Fozzywoppz's ghost hits you!
* * * LOW HITPOINT WARNING * * *
You slash fozzywoppz's ghost!
Fozzywoppz's ghost is heavily damaged.
Fozzywoppz's ghost barely misses you.
You hit fozzywoppz's ghost but do no damage.
Fozzywoppz's ghost is heavily damaged.
Fozzywoppz's ghost hits you but does no damage.
You closely miss fozzywoppz's ghost. You headbutt fozzywoppz's ghost!
Fozzywoppz's ghost is severely damaged.
Fozzywoppz's ghost hits you!
* * * LOW HITPOINT WARNING * * *
Fozzywoppz's ghost hits you but does no damage.
You barely miss fozzywoppz's ghost.
Fozzywoppz's ghost is severely damaged.
Fozzywoppz's ghost hits you!
You die...

##......)##...# ......##.##<..###
##)##.##........######## ######
#.##.#.......>........# #...##
#.##...........######.# #.....
##.####...#...### #.# #...## ...#
##.##.[.# #.# ##.### #..#
#.###.#########.######.###
#..#####.# #.5WW@...............#
#........###..########.###.....).
########.........# #.# #.##.#..
###........[# #.###.##.#..
#....##'''### #........#..
#.#.##$$$..## #####.####..
#.#.#.$$_$..# #####.# #..
#.#.#8..8.$8# #....#####..
#.#.#..$...∩# #.####~..###


You could see a wraith, fozzywoppz's ghost and a shadow imp.

Vanquished Creatures
  2 steam dragons (D:5)
  An ogre (D:5)
  2 phantoms
  A scorpion (D:4)
  2 jellies
  4 hounds (D:5)
  An orc priest (D:4)
  An iguana (D:4)
  2 sleepcaps
  An orc wizard (D:4)
  Ijyb (D:3)
  4 adders
  An ufetubus (D:5)
  2 worms
  4 dart slugs
  14 orcs
  8 ball pythons
  9 endoplasms
  3 giant cockroaches
  7 goblins (D:3)
  8 hobgoblins
  5 quokkas
  7 bats
  3 frilled lizards
  7 kobolds
  8 rats
108 creatures vanquished.

Vanquished Creatures (others)
  17 fungi (D:5)
  2 plants (D:3)
19 creatures vanquished.

Grand Total: 127 creatures vanquished

Notes
Turn   | Place    | Note
-------+----------+-------------------------------------------
     0 | D:1      | Sanktem7 the Minotaur Fighter began the quest for the Orb.
     0 | D:1      | Reached XP level 1. HP: 19/19 MP: 0/0
   265 | D:1      | Reached XP level 2. HP: 27/27 MP: 1/1
   508 | D:1      | Reached skill level 3 in Axes
  1089 | D:2      | Reached XP level 3. HP: 31/33 MP: 2/2
  1097 | D:2      | Found Xiodwe's Book Shop.
  1123 | D:2      | Found a radiant altar of Vehumet.
  1566 | D:3      | Reached XP level 4. HP: 40/40 MP: 3/3
  1661 | D:3      | Found Coepn's Antique Weapon Shop.
  1698 | D:3      | Reached skill level 4 in Axes
  2152 | D:3      | Noticed Ijyb
  2156 | D:3      | Killed Ijyb
  2157 | D:3      | Reached XP level 5. HP: 45/47 MP: 4/4
  2169 | D:3      | Identified the +1 rapier "Behauts" {speed, rPois Int+3}
  2664 | D:4      | Noticed a phantom
  2679 | D:4      | Killed a phantom
  2680 | D:4      | Reached skill level 5 in Axes
  2680 | D:4      | Reached skill level 5 in Shields
  2680 | D:4      | Reached XP level 6. HP: 39/55 MP: 5/5
  2781 | D:4      | Reached skill level 5 in Fighting
  2823 | D:4      | Reached skill level 5 in Armour
  2984 | D:4      | Found a hide-covered altar of Uskayaw.
  2984 | D:4      | Found a broken altar of Ashenzari.
  3072 | D:4      | Found a shimmering blue altar of Sif Muna.
  3238 | D:5      | Entered Level 5 of the Dungeon
  3388 | D:5      | Reached skill level 6 in Axes
  3511 | D:5      | Reached XP level 7. HP: 61/61 MP: 6/6
  3789 | D:5      | Gained mutation: Your flesh is heat resistant. (rF+)
                  | [potion of mutation]
  3789 | D:5      | Gained mutation: You are robust. (+10% HP) [potion of
                  | mutation]
  3789 | D:5      | Gained mutation: You possess an exceptional clarity of
                  | mind. [potion of mutation]
  3789 | D:5      | Gained mutation: You are strong-willed. (Will+) [potion of
                  | mutation]
  3984 | D:5      | Found a runed translucent gate.
  3984 | D:5      | Found a runed translucent gate.
  3984 | D:5      | Found an opulent altar of Gozag.
  3985 | D:5      | Found a runed translucent gate.
  4096 | D:5      | Noticed a wraith
  4097 | D:5      | Noticed fozzywoppz's ghost (novice GrMo)
  4277 | D:5      | Noticed a steam dragon
  4282 | D:5      | Noticed a steam dragon
  4287 | D:5      | Killed a steam dragon
  4288 | D:5      | Reached skill level 7 in Axes
  4291 | D:5      | Killed a steam dragon
  4292 | D:5      | Reached XP level 8. HP: 69/77 MP: 7/7
  4462 | D:5      | Slain by fozzywoppz's ghost

Illustrated notes

Levels and vault maps discovered:
D:1:      nicolae_arrival_somewhat_less_tricky_arrival, layout_basic
D:2:      layout_rooms, basic_altar, serial_shops, shop_fountains,
          kennysheep_generic_room_12
D:3:      corexii_shack_village, layout_basic, serial_shops, shop_statue,
          dk_vineyard_3, uniq_ijyb
D:4:      layout_rooms, jmf_multi_god_temple, led_sif_book,
          kennysheep_generic_room_4
D:5:      kennysheep_steamy, layout_loops_ring, ebering_ghost_gozag,
          roderic_serpentine_path, kennysheep_donut, serial_bayou_pond_a

Skill      XL: |  1  2  3  4  5  6  7 |
---------------+----------------------+-----
Axes           | 3 4 5 6 7 |  7.4
Fighting       | 4 5 6 |  6.2
Armour         | 4 5 6 |  6.1
Shields        | 4 5 6 |  6.2

Action                     |  1- 3 |  4- 6 |  7- 9 || total
---------------------------+-------+-------+-------++-------
  Melee: War axe           |    80 |   104 |    41 ||   225
         Headbutt          |    12 |    18 |     6 ||    36
  Evoke: Wand              |       |     1 |       ||     1
    Use: Scroll            |       |     7 |     2 ||     9
         Potion            |       |       |     2 ||     2
 Armour: Scale mail        |    43 |    13 |       ||    56
         Chain mail        |       |    24 |    23 ||    47
  Dodge: Dodged            |    45 |    36 |    14 ||    95
  Block: Buckler           |    27 |    18 |    10 ||    55

Table legend: (Time is in decaauts)
 A = Elapsed time spent in this place.
 B = Non-inter-level travel time spent in this place.
 C = Inter-level travel time spent in this place.
 D = Time resting spent in this place.
 E = Time spent auto-exploring this place.
 F = Levels seen in this place.
 G = Mean time per level.
                   A        B        C        D        E       F      G
               +--------+--------+--------+--------+--------+-----+--------+
         Total |   4531 |   4314 |    217 |      0 |   3615 |   5 |  906.2 |
       Dungeon |   4531 |   4314 |    217 |      0 |   3615 |   5 |  906.2 |
               +--------+--------+--------+--------+--------+-----+--------+

Top non-repeatable levels by time:
     D:5: 1233 daAuts
     D:3: 1142 daAuts
     D:1: 1054 daAuts
     D:4: 624 daAuts
     D:2: 476 daAuts
